 Dungeon Crawl Stone Soup version 0.23.2-33-g5129a83184 (webtiles) character file.

Game seed: 8689542700782159170

4055 Descartes the Insei (level 10, -1/49 HPs)
             Began as a Vine Stalker Transmuter on July 25, 2019.
             Was a Believer of Ashenzari.
             Slain by a two-headed ogre
             ... wielding a +0 giant club
              (14 damage)
             ... on level 8 of the Dungeon.
             The game lasted 00:31:37 (8414 turns).

Descartes the Insei (Vine Stalker Transmuter)       Turns: 8414, Time: 00:31:38

Health: -1/49      AC:  5    Str: 14    XL:     10   Next: 25%
Magic:  0/18       EV: 14    Int: 14    God:    Ashenzari [**....]
Gold:   208        SH:  0    Dex: 16    Spells: 3/19 levels left

rFire    . . .     SeeInvis .   i - +0 dagger (venom) (curse)
rCold    + . .     Gourm    +   (no shield)
rNeg     + . .     Faith    .   s - +0 robe {MR+}
rPois    .         Spirit   +   (no helmet)
rElec    .         Reflect  .   r - +2 cloak (curse)
rCorr    .         Harm     .   (no gloves)
MR       ++...                  (no boots)
Stlth    ++++......             g - amulet of the gourmand (curse)
HPRegen  1.56/turn              l - ring of stealth (curse)
MPRegen  0.16/turn              E - ring of positive energy

@: very slightly contaminated, regenerating
A: fangs 3, cold resistance 1, regeneration 1, magic shield, antimagic bite, no
potion heal 3, rot immunity
a: Curse Item, Scrying, Renounce Religion


You were on level 8 of the Dungeon.
You worshipped Ashenzari.
Ashenzari was pleased with you.
You were very full.

You visited 2 branches of the dungeon, and saw 9 of its levels.

You collected 268 gold pieces.
You spent 60 gold pieces at shops.

Inventory:

Hand Weapons
 b - a +3 halberd
 e - a +0 rapier
 i - a cursed +0 dagger of venom (weapon)
 v - a +0 hunting sling
 w - a +0 long sword of holy wrath
Missiles
 a - 137 arrows
 j - 174 stones (quivered)
 o - 18 sling bullets
 y - 6 silver javelins
 z - 11 tomahawks
 G - 5 throwing nets
 L - 22 poisoned needles
Armour
 k - a +0 pair of gloves
 r - a cursed +2 cloak (worn)
 s - a +0 robe of magic resistance (worn)
 u - a cursed +0 ring mail
 B - the cursed +0 scale mail "Funn" {rN+ MR- Dex+4}
   (You found it on level 4 of the Dungeon)

   It affects your dexterity (+4).
   It protects you from negative energy.
   It affects your resistance to hostile enchantments.
   It has a curse placed upon it.
 K - a +0 chain mail of poison resistance
Jewellery
 g - a cursed amulet of the gourmand (around neck)
 l - a cursed ring of stealth (left hand)
 E - a ring of positive energy (right hand)
Wands
 p - a wand of disintegration (19)
Scrolls
 h - 4 scrolls of teleportation
 m - 3 scrolls of identify
 n - 2 scrolls of blinking
 q - 2 scrolls of enchant armour
 t - 2 scrolls of remove curse
 A - a scroll of fear
 C - a scroll of immolation
 F - a scroll of enchant weapon
 I - a scroll of fog {unknown}
Potions
 c - a potion of lignification
 f - 3 potions of curing
 x - 2 potions of haste
 D - 2 potions of brilliance
 H - a potion of might {unknown}
Comestibles
 d - 17 rations


   Skills:
 + Level 4.0 Fighting
 - Level 2.7(4.9) Short Blades
 - Level 2.3(3.0) Long Blades
 + Level 1.8 Armour
 + Level 4.0 Dodging
 + Level 5.6 Stealth
 * Level 7.0 Unarmed Combat
 + Level 5.0 Spellcasting
 - Level 3.4(4.7) Charms
 - Level 3.0(4.3) Necromancy
 - Level 6.4(7.9) Transmutations
 + Level 0.4(1.0) Ice Magic


You had 3 spell levels left.
You knew the following spells:

 Your Spells              Type           Power        Failure   Level  Hunger
a - Beastly Appendage     Tmut           ####..       1%          1    None
b - Sticks to Snakes      Tmut           ####....     1%          2    ##.....
c - Regeneration          Chrm/Necr      ###.......   9%          3    ###....
d - Blade Hands           Tmut           ####......   19%         5    ######.
e - Ensorcelled Hibernat  Hex/Ice        #.....       21%         2    ##.....
f - Dazzling Spray        Conj/Hex       #.....       43%         3    ###....

Your spell library contained the following spells:

 Spells                   Type           Power        Failure   Level  Hunger
 Animate Skeleton         Necr           N/A          3%          1    None
 Pain                     Necr           ###.         3%          1    None
 Vampiric Draining        Necr           ###.......   9%          3    ###....
 Spider Form              Tmut/Pois      ##........   10%         3    ###....
 Corona                   Hex            #......      16%         1    None
 Confuse                  Hex            #.......     43%         3    ###....
 Tukima's Dance           Hex            #.......     43%         3    ###....
 Ice Form                 Ice/Tmut       ###.....     26%         4    ####...
 Animate Dead             Necr           N/A          28%         4    ####...


Dungeon Overview and Level Annotations

Branches:
Dungeon (8/15)             Temple (1/1) D:7
   Lair: D:8-11

Altars:
Ashenzari
Cheibriados
Dithmenos
Elyvilon
Fedhas
Gozag
Hepliaklqana
Kikubaaqudgha
Makhleb
Nemelex Xobeh
Okawaru
Qazlal
Ru
Sif Muna
Trog
Uskayaw
Vehumet
Wu Jian
Xom
Yredelemnul
Zin
The Shining One

Shops:
D:7 :=(*

Annotations:
D:7 2 transporters, Ceapi's ghost, novice OgBe


Innate Abilities, Weirdness & Mutations

You have razor-sharp teeth.
Your natural rate of healing is unusually fast.
When hurt, damage is shared between your health and your magic reserves.
Your bite disrupts and absorbs the magic of your enemies.
Potions cannot restore your health.
You are immune to rotting.
Your flesh is cold resistant. (rC+)


Message History

Your skin stops crawling.
The two-headed ogre hits you with a +0 giant club!!
The two-headed ogre closely misses you.
You barely miss the two-headed ogre. You bite the two-headed ogre.
You drain its power.
You feel invigorated.
The two-headed ogre is lightly wounded.
You hit the two-headed ogre but do no damage.
The two-headed ogre is poisoned.
You bite the two-headed ogre. You drain its power.
You feel invigorated.
The two-headed ogre is lightly wounded.
The two-headed ogre hits you with a +0 giant club!!
* * * LOW HITPOINT WARNING * * *
The two-headed ogre hits you with a +0 dire flail!
* * * LOW HITPOINT WARNING * * *
Casting: Blade Hands (quite dangerous; 19% risk of failure)
Confirm with . or Enter, or press ? or * to list all spells.
Your skin crawls.
The two-headed ogre closely misses you.
The two-headed ogre hits you with a +0 dire flail!
You die...

* +............### *
#..............# ## *
#............$.#####
#. ,
#...................
#. ,
#...........?.......
#. ,
#...................
#.
#...................,
#. , , ,
,#.......O.........).
#. *
.......@.....(......
#.
.######'#..##.....##
## , ** *#....>#
.###.# , , #..#####.#
.# , , *#....#.. *,
### , #..#.#.#.., #..
* * #....#.#.# * #.#
, #..###.#.# #.# * *
* * * #....#.#.# #..


You could see a two-headed ogre.

Vanquished Creatures
  Pikel (D:4)
  A hippogriff (D:6)
  Sigmund (D:6)
  A spriggan (D:7)
  The ghost of Ykky the Changer, an amateur OpTm (D:4)
  2 orc warriors
  3 slaves (D:4)
  3 ice beasts
  2 phantoms
  4 ogres (D:7)
  A centaur (D:4)
  4 bullfrogs
  A gnoll sergeant (D:7)
  4 howler monkeys
  3 crimson imps
  A centaur zombie (D:5)
  7 orc wizards
  4 orc priests
  A bullfrog skeleton (D:6)
  3 worker ants
  A hound skeleton (D:4)
  A worker ant zombie (D:6)
  11 gnolls
  7 adders
  A shadow imp (D:5)
  An ooze (D:4)
  An adder skeleton (D:8)
  2 worms (D:2)
  3 dart slugs
  2 leopard geckos
  21 orcs
  8 bats
  7 giant cockroaches
  8 hobgoblins
  3 jackals (D:6)
  3 kobolds
  A quokka (D:4)
  A ball python (D:3)
  5 frilled lizards
  A giant cockroach zombie (D:4)
  4 goblins
  A jackal skeleton (D:6)
  A quokka skeleton (D:7)
  8 rats
  2 toadstools (D:1)
152 creatures vanquished.

Vanquished Creatures (collateral kills)
  Harold (D:7)
  An ogre (D:7)
2 creatures vanquished.

Vanquished Creatures (others)
  2 toadstools (D:1)
2 creatures vanquished.

Grand Total: 156 creatures vanquished

Notes
Turn   | Place    | Note
-------+----------+-------------------------------------------
     0 | D:1      | Descartes the Vine Stalker Transmuter began the quest for
                  | the Orb.
     0 | D:1      | Reached XP level 1. HP: 9/9 MP: 4/4
   132 | D:1      | Found a shattered altar of Ashenzari.
   389 | D:1      | Reached skill level 1 in Fighting
   432 | D:1      | Reached XP level 2. HP: 14/14 MP: 6/6
  1178 | D:1      | Became a worshipper of Ashenzari the Shackled
  1466 | D:2      | Reached XP level 3. HP: 10/18 MP: 7/7
  1627 | D:2      | Reached skill level 1 in Stealth
  2262 | D:2      | Gained mutation: Your natural rate of healing is unusually
                  | fast. [Vine Stalker growth]
  2262 | D:2      | Reached XP level 4. HP: 18/22 MP: 5/8
  2401 | D:3      | Reached * piety under Ashenzari
  2929 | D:4      | Reached XP level 5. HP: 25/25 MP: 8/10
  3056 | D:4      | Noticed a slave
  3084 | D:4      | Killed a slave
  3094 | D:4      | Noticed Pikel
  3095 | D:4      | Noticed a slave
  3125 | D:4      | Killed a slave
  3154 | D:4      | Noticed a slave
  3155 | D:4      | Noticed a slave
  3210 | D:4      | Killed a slave
  3282 | D:4      | Reached skill level 1 in Short Blades
  3453 | D:4      | Killed Pikel
  3453 | D:4      | Reached skill level 4 in Unarmed Combat
  3453 | D:4      | Reached XP level 6. HP: 10/30 MP: 2/12
  3453 | D:4      | Reached XP level 7. HP: 11/35 MP: 2/13
  3849 | D:4      | Found a blossoming altar of Fedhas.
  4081 | D:4      | Found a runed translucent door.
  4083 | D:4      | Noticed Ykky's ghost (amateur OpTm)
  4105 | D:4      | Learned a level 2 spell: Sticks to Snakes
  4109 | D:4      | Learned a level 3 spell: Regeneration
  4115 | D:4      | Learned a level 5 spell: Blade Hands
  4129 | D:4      | Killed Ykky's ghost
  4142 | D:4      | Reached skill level 5 in Unarmed Combat
  4142 | D:4      | Gained mutation: You have razor-sharp teeth. [Vine Stalker
                  | growth]
  4142 | D:4      | Reached XP level 8. HP: 7/39 MP: 1/14
  4238 | D:4      | Got the cursed scale mail "Funn" {rN+ MR- Dex+4}
  4317 | D:4      | Gained mutation: Your flesh is cold resistant. (rC+)
                  | [potion of mutation]
  4509 | D:5      | Entered Level 5 of the Dungeon
  4622 | D:5      | Found a shimmering altar of Xom.
  4878 | D:5      | Reached skill level 1 in Charms
  4931 | D:5      | HP: 1/39 [gnoll sergeant/+0 spear of venom (4)]
  5128 | D:5      | Reached skill level 1 in Necromancy
  5367 | D:5      | Found a hazy altar of Hepliaklqana.
  5562 | D:6      | Noticed Sigmund
  5571 | D:6      | Killed Sigmund
  5699 | D:6      | Found an opulent altar of Gozag.
  5738 | D:6      | Reached skill level 1 in Long Blades
  5738 | D:6      | Reached skill level 5 in Transmutations
  5895 | D:6      | Noticed a hippogriff
  5907 | D:6      | Killed a hippogriff
  5907 | D:6      | Reached XP level 9. HP: 12/44 MP: 8/16
  6424 | D:6      | Reached ** piety under Ashenzari
  6728 | D:7      | Found Ejou's Jewellery Shop.
  6754 | D:7      | Reached skill level 6 in Unarmed Combat
  6822 | D:7      | Noticed Harold
  6829 | D:7      | Found Qubupoump's Assorted Antiques.
  6849 | D:7      | Killed Harold
  6849 | D:7      | Reached skill level 1 in Armour
  6857 | D:7      | Bought a scroll labeled XUFOYL PUPPAC for 30 gold pieces
  6857 | D:7      | Bought a scroll labeled EKLISI XAURAIS for 30 gold pieces
  6874 | D:7      | Reached skill level 5 in Stealth
  7084 | D:7      | Found a staircase to the Ecumenical Temple.
  7097 | Temple   | Entered the Ecumenical Temple
  7486 | D:7      | Found Sopt's Antique Weapon Shoppe.
  7493 | D:7      | Reached XP level 10. HP: 49/49 MP: 18/18
  7589 | D:7      | Noticed Ceapi's ghost (novice OgBe)
  7598 | D:7      | Found a transporter.
  7600 | D:7      | Found a transporter.
  7601 | D:7      | Found a bloodstained altar of Trog.
  7601 | D:7      | Noticed a moth of wrath
  8013 | D:7      | Found Sanus's Book Shop.
  8241 | D:8      | Learned a level 2 spell: Ensorcelled Hibernation
  8245 | D:8      | Learned a level 3 spell: Dazzling Spray
  8335 | D:8      | Reached skill level 7 in Unarmed Combat
  8400 | D:8      | Noticed a two-headed ogre
  8401 | D:8      | Reached skill level 5 in Spellcasting
  8414 | D:8      | Slain by a two-headed ogre

Skill      XL: |  1  2  3  4  5  6  7  8  9 10 |
---------------+-------------------------------+-----
Fighting       | 1 2 3 4 |  4.0
Stealth        | 1 2 3 4 5 |  5.6
Dodging        | 2 3 4 |  4.0
Transmutations | 4 5 6 |  6.4
Short Blades   | 1 2 |  2.7
Unarmed Combat | 4 5 6 7 |  7.0
Spellcasting   | 3 4 5 |  5.0
Charms         | 2 3 |  3.4
Necromancy     | 1 2 3 |  3.0
Long Blades    | 1 2 |  2.3
Armour         | 1 |  1.8
Ice Magic      | |  0.4

Action                   |  1- 3 |  4- 6 |  7- 9 | 10-12 || total
-------------------------+-------+-------+-------+-------++-------
Melee: Unarmed           |    12 |       |       |     5 ||    17
       Dagger            |    69 |   110 |   348 |    75 ||   602
       Bite              |    17 |    29 |   101 |    23 ||   170
       Kick              |     9 |    13 |    35 |    22 ||    79
       Headbutt          |     5 |     2 |    31 |     6 ||    44
       Punch             |     2 |     2 |    13 |     3 ||    20
Throw: Stone             |       |     5 |     4 |       ||     9
 Cast: Beastly Appendage |    18 |    14 |    29 |     7 ||    68
       Sticks to Snakes  |       |       |     8 |       ||     8
       Regeneration      |       |       |     8 |     3 ||    11
       Blade Hands       |       |       |       |     1 ||     1
Invok: Curse Item        |     1 |     1 |     2 |       ||     4
  Use: Potion            |       |       |     4 |       ||     4
       Scroll            |       |       |    10 |       ||    10
 Stab: Sleeping          |       |     1 |    17 |     2 ||    20
  Eat: Chunk             |     3 |     5 |    22 |     5 ||    35
       Ration            |       |       |     1 |       ||     1
Armor: Robe              |     3 |       |    52 |     7 ||    62
       Leather armour    |    10 |    22 |       |       ||    32
       Skin              |       |       |     9 |       ||     9
Dodge: Dodged            |    58 |    50 |   178 |    29 ||   315
